 Dungeon Crawl Stone Soup version 0.28-a0-980-g3664467d6e (webtiles) character file.

Game seed: 14953908056990856725

163 Essalna the Stinger (level 5, -2/35 HPs)
             Began as a Demonspawn Venom Mage on Dec 2, 2021.
             Slain by a lemure (8 damage)
             ... led by Pikel
             ... on level 3 of the Dungeon.
             The game lasted 00:05:07 (2807 turns).

Essalna the Stinger (Demonspawn Venom Mage)         Turns: 2807, Time: 00:05:08

Health: -2/35      AC:  5    Str:  8    XL:     5   Next: 20%
Magic:  0/9        EV: 12    Int: 24    God:
Gold:   135        SH:  0    Dex: 14    Spells: 7/10 levels left

rFire   . . .      SeeInvis .   e - +0 whip (vamp)
rCold   . . .      Faith    .   (no shield)
rNeg    . . .      Spirit   .   a - +0 robe
rPois   .          Reflect  .   (no helmet)
rElec   .          Harm     .   f - +2 cloak {Stlth+}
rCorr   .          Rampage  .   (no gloves)
Will    .....                   (no boots)
Stlth   +++.......              (no amulet)
HPRegen 0.11/turn               c - +6 ring of intelligence
MPRegen 0.11/turn               (no ring)

@: no status effects
A: demonic guardian 1
a: no special abilities


You were on level 3 of the Dungeon.
You visited 1 branch of the dungeon, and saw 4 of its levels.

You collected 135 gold pieces.

Inventory:

Hand Weapons
 e - a +0 vampiric whip (weapon)
Armour
 a - a +0 robe (worn)
 f - a +2 cloak of stealth (worn)
Jewellery
 c - a +6 ring of intelligence (left hand)
Scrolls
 k - a scroll of amnesia
Potions
 b - a potion of brilliance
 d - 2 potions of curing {unknown}
 g - 2 potions of haste {unknown}
 h - 4 potions of heal wounds {unknown}
 i - a potion of attraction {unknown}
 j - a potion of invisibility {unknown}
 l - a potion of magic {unknown}
 m - a potion of might {unknown}
 n - a potion of mutation {unknown}


   Skills:
 - Level 2.4 Dodging
 - Level 2.5 Stealth
 + Level 3.1 Spellcasting
 - Level 1.8 Transmutations
 + Level 4.0 Poison Magic


You had 7 spell levels left.
You knew the following spells:

 Your Spells              Type           Power      Damage    Failure   Level
a - Sting                 Tmut/Pois      68%        1d6       3%          1
b - Poisonous Vapours     Pois/Air       26%        N/A       7%          2

Your spell library contained the following spells:

 Spells                   Type           Power      Damage    Failure   Level
 Animate Skeleton         Necr           6%         N/A       11%         1
 Apportation              Tloc           6%         N/A       11%         1
 Pain                     Necr           12%        1d4       11%         1
 Static Discharge         Conj/Air       3%         N/A       16%         2
 Mephitic Cloud           Conj/Pois/Air  10%        N/A       19%         3
 Olgreb's Toxic Radiance  Pois           23%        N/A       21%         4
 Vampiric Draining        Necr           3%         2d6       32%         3
 Alistair's Intoxication  Tmut/Pois      11%        N/A       65%         5
 Lightning Bolt           Conj/Air       1%         1d12      96%         5
 Maxwell's Capacitive Co  Air            1%         ∞         100%        8


Dungeon Overview and Level Annotations

Branches:
Dungeon (4/15)
 Temple: D:4-7

Altars:

Annotations:
D:4 Pikel


Innate Abilities, Weirdness & Mutations

A weak demonic guardian rushes to your aid.


Message History

The lemure closely misses you.
Poisonous vapours surround the lemure!
The lemure looks even sicker.
The lemure hits you.
Poisonous vapours surround the lemure!
The lemure looks even sicker.
The lemure hits you.
You are too injured to fight recklessly!
You are too injured to fight recklessly!
You are too injured to fight recklessly!
You barely miss the lemure.
The lemure is lightly wounded.
The lemure hits you but does no damage.
You hit the lemure.
The lemure is moderately wounded.
The lemure barely misses you.
You hit the lemure.
The lemure is moderately wounded.
The lemure hits you.
You hit the lemure but do no damage.
The lemure is heavily wounded.
The lemure hits you but does no damage.
You closely miss the lemure.
The lemure is heavily wounded.
The lemure closely misses you.
You hit the lemure but do no damage.
The lemure is heavily wounded.
The lemure barely misses you. The lemure hits you!
A demonic guardian appears!
You hit the lemure.
The lemure is heavily wounded.
The lemure hits you.
Casting: Poisonous Vapours (safe; 7% risk of failure)
Confirm with . or Enter, or press ? or * to list all spells.
Aiming: Sting (safe; 3% risk of failure)
Press: ? - help, Shift-Dir - straight line, f/p - lemure
Aim: a lemure (heavily wounded, very poisoned, ally target, 67% to hit)
The sting misses the lemure.
The lemure hits you.
* * * LOW HITPOINT WARNING * * *
You miss the lemure.
The lemure is heavily wounded.
Your iron imp barely misses the lemure.
The lemure hits you!
You die...

#################
#55.............#
#@#############.#
#.# #.# #.# ##.##
#.# #...# #.###
#.... #...# #...#
#.#.####### #####
#.........########
#.######...#......


You could see a lemure (very poisoned, ally target) and a friendly iron imp
(summoned).

Vanquished Creatures
  A bullfrog (D:4)
  Jessica (D:2)
  3 adders
  An orc (D:3)
  6 bats
  2 endoplasms
  3 giant cockroaches
  5 goblins
  4 hobgoblins
  10 kobolds
  5 ball pythons
  2 rats
43 creatures vanquished.

Vanquished Creatures (collateral kills)
  An adder skeleton (D:4)
  An endoplasm (D:2)
2 creatures vanquished.

Grand Total: 45 creatures vanquished

Notes
Turn   | Place    | Note
-------+----------+-------------------------------------------
     0 | D:1      | Essalna the Demonspawn Venom Mage began the quest for the
                  | Orb.
     0 | D:1      | Reached XP level 1. HP: 13/13 MP: 3/3
   151 | D:1      | Reached skill level 1 in Transmutations
   479 | D:1      | Gained mutation: A weak demonic guardian rushes to your
                  | aid. [demonic ancestry]
   479 | D:1      | Reached XP level 2. HP: 11/19 MP: 5/5
  1121 | D:2      | Noticed Jessica
  1126 | D:2      | Killed Jessica
  1127 | D:2      | Reached XP level 3. HP: 22/24 MP: 3/6
  1198 | D:2      | Learned a level 2 spell: Poisonous Vapours
  1679 | D:3      | Found a faded altar of an unknown god.
  1685 | D:3      | Reached XP level 4. HP: 29/30 MP: 2/7
  2382 | D:4      | Noticed Pikel
  2382 | D:4      | Noticed a lemure
  2382 | D:4      | Noticed a lemure
  2498 | D:4      | Noticed a bullfrog
  2509 | D:4      | Killed a bullfrog
  2510 | D:4      | Reached skill level 4 in Poison Magic
  2510 | D:4      | Reached XP level 5. HP: 34/35 MP: 0/9
  2780 | D:4      | Noticed a lemure
  2807 | D:3      | Slain by a lemure

Illustrated notes

Levels and vault maps discovered:
D:1:      scummos_arrival_simple_crosswalls, layout_basic
D:2:      layout_basic, uniq_jessica
D:3:      layout_loops_ring, chequers_ecumenical_altar_simple_redux,
          minmay_cupped
D:4:      layout_loops_ring, mainiacjoe_overflow_alcove_3, uniq_pikel,
          uniq_robin, uniq_eustachio

Skill      XL: |  1  2  3  4 |
---------------+-------------+-----
Transmutations | 1 |  1.8
Stealth        | 2 |  2.5
Dodging        | 2 |  2.4
Spellcasting   | 3 |  3.1
Poison Magic   | 4 |  4.0

Action                   |  1- 3 |  4- 6 || total
-------------------------+-------+-------++-------
Melee: Whip              |    65 |    52 ||   117
 Cast: Sting             |    24 |    23 ||    47
       Poisonous Vapours |       |     5 ||     5
  Use: Scroll            |     2 |     1 ||     3
 Stab: Sleeping          |     4 |     1 ||     5
Armor: Robe              |    25 |    27 ||    52
Dodge: Dodged            |    48 |    27 ||    75

Table legend: (Time is in decaauts)
 A = Elapsed time spent in this place.
 B = Non-inter-level travel time spent in this place.
 C = Inter-level travel time spent in this place.
 D = Time resting spent in this place.
 E = Time spent auto-exploring this place.
 F = Levels seen in this place.
 G = Mean time per level.
                   A        B        C        D        E       F      G
               +--------+--------+--------+--------+--------+-----+--------+
         Total |   2818 |   2757 |     61 |      0 |   2298 |   4 |  704.5 |
       Dungeon |   2818 |   2757 |     61 |      0 |   2298 |   4 |  704.5 |
               +--------+--------+--------+--------+--------+-----+--------+

Top non-repeatable levels by time:
     D:1: 880 daAuts
     D:3: 819 daAuts
     D:2: 720 daAuts
     D:4: 397 daAuts
